SKY
PITTSBURGH PIRATES @ MILWAUKEE BREWERS
04/22/2052
 
TOP OF THE 1ST
Pittsburgh Pirates batting - Pitching for Milwaukee Brewers : RHP Colton Tucker
Pitching: RHP Colton Tucker
Batting: RHB David Dudley 0-0: Ball
1-0: Foul Ball, location: 9LMF
1-1: SINGLE (Line Drive, 78S, EV 93.1 MPH)
Batting: RHB Andy Kiser 0-0: Called Strike
0-1: Called Strike
0-2: Foul Ball, location: 3SF
0-2: Strikes out swinging
Batting: LHB Jim Lunsford 0-0: Fly out, F7 (Flyball, 7S, EV 88.8 MPH)
Batting: LHB Eric Gehman 0-0: Foul Ball, location: 2F
0-1: Ball
Wild Pitch!
David Dudley to second
1-1: Foul Ball, location: 7LDF
1-2: Ball
2-2: Foul Ball, location: 2LF
2-2: DOUBLE (Line Drive, 9LD, EV 103.1 MPH)
David Dudley scores
Batting: LHB P.J. Rey 0-0: Ball
1-0: 2-RUN HOME RUN (Flyball, 89XD, EV 98.8 MPH), Distance : 407 ft
Batting: RHB Chet Ross 0-0: Foul Ball, location: 2F
0-1: Foul Ball, location: 9LMF
0-2: Ball
1-2: Ball
2-2: Ball
3-2: Base on Balls
Batting: LHB Domingo Andres 0-0: Ball
1-0: Foul Ball, location: 23FF
1-1: Ball
2-1: Ball
3-1: Base on Balls
Chet Ross to second
Batting: RHB Caleb Phillips 0-0: Ball
1-0: Called Strike
1-1: Ball
2-1: Called Strike
2-2: Strikes out swinging
Top of the 1st over - 3 runs, 3 hits, 0 errors, 2 left on base; Pittsburgh 3 - Milwaukee 0
BOTTOM OF THE 1ST
Milwaukee Brewers batting - Pitching for Pittsburgh Pirates : RHP Rubin Morrison
Pitching: RHP Rubin Morrison
Batting: LHB Yandy Zamano 0-0: Ball
1-0: Called Strike
1-1: Fly out, F6 (Line Drive, 6MD, EV 71.3 MPH)
Batting: RHB Jason Jarman 0-0: Called Strike
0-1: Foul Ball, location: 9LDF
0-2: Ball
1-2: Ball
2-2: Ground out 4-3 (Groundball, 4, EV 98.8 MPH)
Batting: RHB Clemente Simpson 0-0: Called Strike
0-1: Ball
1-1: Swinging Strike
1-2: Ball
2-2: Strikes out swinging
Bottom of the 1st over - 0 runs, 0 hits, 0 errors, 0 left on base; Pittsburgh 3 - Milwaukee 0
TOP OF THE 2ND
Pittsburgh Pirates batting - Pitching for Milwaukee Brewers : RHP Colton Tucker
Batting: SHB Michael Shatley 0-0: Ball
1-0: Swinging Strike
1-1: Swinging Strike
1-2: Ball
2-2: Foul Ball, location: 2F
2-2: Strikes out swinging
Batting: RHB David Dudley 0-0: Fly out, F8 (Flyball, 89M, EV 76.9 MPH)
Batting: RHB Andy Kiser 0-0: SINGLE (Groundball, 6MD, EV 108.1 MPH)
Batting: LHB Jim Lunsford 0-0: Ball
Andy Kiser is caught stealing 2nd base 2-6
Top of the 2nd over - 0 runs, 1 hit, 0 errors, 0 left on base; Pittsburgh 3 - Milwaukee 0
BOTTOM OF THE 2ND
Milwaukee Brewers batting - Pitching for Pittsburgh Pirates : RHP Rubin Morrison
Batting: RHB Nick Hodge 0-0: Fly out, F3 (Popup, 3SF, EV 74.4 MPH)
Batting: RHB Enzo Thomas 0-0: Ball
1-0: Called Strike
1-1: Ball
2-1: Foul Ball, location: 5FF
2-2: Fly out, F4 (Popup, 4M, EV 59.4 MPH)
Batting: LHB Wyatt Soloway 0-0: Called Strike
0-1: Ball
1-1: Ball
2-1: Ball
3-1: Base on Balls
Batting: SHB Rayan Díaz 0-0: Called Strike
0-1: Called Strike
0-2: Foul Ball, location: 5DF
0-2: Ball
Wyatt Soloway is caught stealing 2nd base 2-6
Bottom of the 2nd over - 0 runs, 0 hits, 0 errors, 0 left on base; Pittsburgh 3 - Milwaukee 0
TOP OF THE 3RD
Pittsburgh Pirates batting - Pitching for Milwaukee Brewers : RHP Colton Tucker
Batting: LHB Jim Lunsford 0-0: Called Strike
0-1: Foul Ball, location: 7LMF
0-2: DOUBLE (Line Drive, 89D, EV 102.5 MPH)
Batting: LHB Eric Gehman 0-0: Foul Ball, location: 5DF
0-1: Ball
1-1: Called Strike
1-2: Strikes out swinging passed ball, reaches first!
Jim Lunsford to third
Batting: LHB P.J. Rey 0-0: Called Strike
0-1: Ball
1-1: Ground out 4-3 (Groundball, 34S, EV 79.4 MPH)
Jim Lunsford scores
Eric Gehman to second
Batting: RHB Chet Ross 0-0: Called Strike
0-1: Foul Ball, location: 2F
0-2: Ball
1-2: Strikes out swinging
Batting: LHB Domingo Andres 0-0: Ground out U3 (Groundball, 3, EV 103.8 MPH)
Top of the 3rd over - 1 run, 1 hit, 0 errors, 1 left on base; Pittsburgh 4 - Milwaukee 0
BOTTOM OF THE 3RD
Milwaukee Brewers batting - Pitching for Pittsburgh Pirates : RHP Rubin Morrison
Batting: SHB Rayan Díaz 0-0: Called Strike
0-1: Ball
1-1: Ball
2-1: Foul Ball, location: 7LMF
2-2: Foul Ball, location: 2F
2-2: Foul Ball, location: 7LMF
2-2: Ball
3-2: Fly out, F7 (Line Drive, 7, EV 103.8 MPH)
Batting: LHB Florencio Rios 0-0: Ball
1-0: Ball
2-0: DOUBLE (Line Drive, 3D, EV 101.3 MPH)
Batting: RHB Russ Lavin 0-0: Ball
1-0: Ball
2-0: Ball
3-0: SINGLE (Groundball, 56S, EV 67.5 MPH) (infield hit)
Florencio Rios to third
Batting: LHB Yandy Zamano 0-0: Ball
1-0: Ball
2-0: Ball
3-0: Base on Balls
Russ Lavin to second
Batting: RHB Jason Jarman 0-0: Ball
1-0: Foul Ball, location: 25F
1-1: Swinging Strike
1-2: Ball
2-2: Strikes out swinging
Batting: RHB Clemente Simpson 0-0: Ball
1-0: Ball
2-0: Ball
3-0: Called Strike
3-1: Called Strike
3-2: Foul Ball, location: 5FF
3-2: Base on Balls
Florencio Rios scores
Russ Lavin to third
Yandy Zamano to second
Batting: RHB Nick Hodge 0-0: Fly out, F6 (Popup, 6MD, EV 66.3 MPH)
Bottom of the 3rd over - 1 run, 2 hits, 0 errors, 3 left on base; Pittsburgh 4 - Milwaukee 1
TOP OF THE 4TH
Pittsburgh Pirates batting - Pitching for Milwaukee Brewers : RHP Colton Tucker
Batting: RHB Caleb Phillips 0-0: Fly out, F4 (Popup, 4, EV 70.6 MPH)
Batting: SHB Michael Shatley 0-0: Called Strike
0-1: SOLO HOME RUN (Flyball, 9LD, EV 96.3 MPH), Distance : 371 ft
Pitching: RHP Caleb Campbell
Batting: RHB David Dudley 0-0: Ball
1-0: SINGLE (Groundball, P, EV 88.8 MPH) (infield hit)
Batting: RHB Andy Kiser 0-0: Grounds into double play, U6-3 (Groundball, 4MS, EV 84.4 MPH)
Top of the 4th over - 1 run, 2 hits, 0 errors, 0 left on base; Pittsburgh 5 - Milwaukee 1
BOTTOM OF THE 4TH
Milwaukee Brewers batting - Pitching for Pittsburgh Pirates : RHP Rubin Morrison
Batting: RHB Enzo Thomas 0-0: Ball
1-0: Ball
2-0: Ball
3-0: Called Strike
3-1: Base on Balls
Batting: LHB Wyatt Soloway 0-0: Foul Ball, location: 2F
0-1: Called Strike
0-2: Ball
1-2: Ball
2-2: Ball
3-2: Foul Ball, location: 2F
3-2: Fielders Choice at 2nd, 5-4 (Groundball, 56, EV 109.4 MPH)
Batting: SHB Rayan Díaz 0-0: Called Strike
0-1: Called Strike
0-2: Ball
1-2: Foul Ball, location: 2F
1-2: Strikes out swinging
Batting: LHB Florencio Rios 0-0: Ball
1-0: Called Strike
1-1: Ball
2-1: Foul Ball, location: 23FF
2-2: Strikes out swinging
Bottom of the 4th over - 0 runs, 0 hits, 0 errors, 1 left on base; Pittsburgh 5 - Milwaukee 1
TOP OF THE 5TH
Pittsburgh Pirates batting - Pitching for Milwaukee Brewers : RHP Caleb Campbell
Batting: LHB Jim Lunsford 0-0: Ball
1-0: Ball
2-0: Called Strike
2-1: Foul Ball, location: 2F
2-2: Foul Ball, location: 3F
2-2: Foul Ball, location: 7LDF
2-2: Ball
3-2: Foul Ball, location: 9LSFF
3-2: Base on Balls
Batting: LHB Eric Gehman 0-0: Ball
1-0: Grounds into double play, 6-4-3 (Groundball, 6, EV 86.9 MPH)
Batting: LHB P.J. Rey 0-0: Ball
1-0: Swinging Strike
1-1: Called Strike
1-2: SINGLE (Line Drive, 8RS, EV 97.5 MPH)
Batting: RHB Chet Ross Pickoff Throw to First - Out! 1-3
Top of the 5th over - 0 runs, 1 hit, 0 errors, 0 left on base; Pittsburgh 5 - Milwaukee 1
BOTTOM OF THE 5TH
Milwaukee Brewers batting - Pitching for Pittsburgh Pirates : RHP Rubin Morrison
Batting: RHB Russ Lavin 0-0: Called Strike
0-1: Swinging Strike
0-2: Strikes out swinging
Batting: LHB Yandy Zamano 0-0: TRIPLE (Line Drive, 78XD, EV 101.9 MPH)
Batting: RHB Jason Jarman 0-0: Ground out 5-3 (Groundball, 5S, EV 64.4 MPH)
Batting: RHB Clemente Simpson 0-0: Called Strike
0-1: DOUBLE (Line Drive, 3D, EV 95.0 MPH)
Yandy Zamano scores
Batting: RHB Nick Hodge 0-0: Called Strike
0-1: Ball
1-1: Swinging Strike
1-2: SINGLE (Line Drive, 78S, EV 93.8 MPH)
Clemente Simpson to third
Runner from 3rd tries for Home, SAFE, throw by CF to home
Batting: RHB Enzo Thomas 0-0: Ball
1-0: Fly out, F9 (Flyball, 9LS, EV 94.4 MPH)
Bottom of the 5th over - 2 runs, 3 hits, 0 errors, 1 left on base; Pittsburgh 5 - Milwaukee 3
TOP OF THE 6TH
Pittsburgh Pirates batting - Pitching for Milwaukee Brewers : RHP Caleb Campbell
Batting: RHB Chet Ross 0-0: Ball
1-0: Ball
2-0: Ground out 4-3 (Groundball, 4, EV 80.0 MPH)
Batting: LHB Domingo Andres 0-0: Called Strike
0-1: Ball
1-1: Ball
2-1: Ground out 4-3 (Groundball, 4, EV 85.6 MPH)
Batting: RHB Caleb Phillips 0-0: Called Strike
0-1: Ball
1-1: Ball
2-1: Called Strike
2-2: SINGLE (Groundball, 15S, EV 67.5 MPH) (infield hit)
Batting: SHB Michael Shatley 0-0: Ball
1-0: SINGLE (Groundball, 4MD, EV 108.8 MPH)
Caleb Phillips to second
Runner from 2nd tries for 3rd, SAFE, throw by CF made to third
Batting: RHB David Dudley 0-0: Foul Ball, location: 7LMFF
0-1: Fielders Choice at 2nd, 4-6 (Groundball, 4MD, EV 95.0 MPH)
Top of the 6th over - 0 runs, 2 hits, 0 errors, 2 left on base; Pittsburgh 5 - Milwaukee 3
BOTTOM OF THE 6TH
Milwaukee Brewers batting - Pitching for Pittsburgh Pirates : RHP Rubin Morrison
Pitching: RHP Antek Franiak
Batting: LHB Wyatt Soloway 0-0: Ball
1-0: Foul Ball, location: 7LSF, Error on foul ball, E7
1-1: Foul Ball, location: 2RF
1-2: Strikes out looking
Batting: SHB Rayan Díaz 0-0: Ball
1-0: Swinging Strike
1-1: Called Strike
1-2: Strikes out swinging
Batting: LHB Florencio Rios 0-0: Fly out, F7 (Flyball, 78M, EV 91.9 MPH)
Bottom of the 6th over - 0 runs, 0 hits, 1 error, 0 left on base; Pittsburgh 5 - Milwaukee 3
TOP OF THE 7TH
Pittsburgh Pirates batting - Pitching for Milwaukee Brewers : RHP Caleb Campbell
Batting: RHB Andy Kiser 0-0: Swinging Strike
0-1: Swinging Strike
0-2: Ball
1-2: Foul Ball, location: 2F
1-2: Strikes out swinging
Batting: LHB Jim Lunsford 0-0: Ball
1-0: Ball
2-0: Called Strike
2-1: Ball
3-1: Ground out U3 (Groundball, 34, EV 106.3 MPH)
Batting: LHB Eric Gehman 0-0: Ball
1-0: SINGLE (Line Drive, 78S, EV 105.6 MPH)
Pitching: LHP Alfred Brearley
Batting: LHB P.J. Rey 0-0: Called Strike
0-1: Ball
1-1: Ball
2-1: Foul Ball, location: 25F
2-2: Fly out, F9 (Flyball, 9D, EV 102.5 MPH)
Top of the 7th over - 0 runs, 1 hit, 0 errors, 1 left on base; Pittsburgh 5 - Milwaukee 3
BOTTOM OF THE 7TH
Milwaukee Brewers batting - Pitching for Pittsburgh Pirates : RHP Antek Franiak
Batting: RHB Russ Lavin 0-0: Ball
1-0: Foul Ball, location: 5F
1-1: Called Strike
1-2: Ball
2-2: Strikes out looking
Batting: LHB Yandy Zamano 0-0: Swinging Strike
0-1: Ball
1-1: Foul Ball, location: 2F
1-2: DOUBLE (Flyball, 89XD, EV 102.5 MPH)
Batting: RHB Jason Jarman 0-0: Ball
1-0: Called Strike
1-1: Foul Ball, location: 25FF
1-2: Foul Ball, location: 3FF
1-2: Foul Ball, location: 25F
1-2: Foul Ball, location: 2F
1-2: Ball
2-2: Foul Ball, location: 9LSF
2-2: Ball
3-2: Base on Balls
Batting: RHB Clemente Simpson 0-0: Ball
1-0: Hit by Pitch
Yandy Zamano to third
Jason Jarman to second
Batting: RHB Nick Hodge 0-0: Ball
1-0: Ball
2-0: Called Strike
2-1: Swinging Strike
2-2: Fly out, F7 (Flyball, 7, EV 97.5 MPH)
Pitching: LHP José Maria Santana
Batting: RHB Enzo Thomas 0-0: Called Strike
0-1: Ball
1-1: Ball
2-1: Called Strike
2-2: Ball
3-2: Base on Balls
Yandy Zamano scores
Jason Jarman to third
Clemente Simpson to second
Pinch Hitting: RHB Vince Verdugo 0-0: Called Strike
0-1: Foul Ball, location: 3DF
0-2: DOUBLE (Flyball, 8LD, EV 95.6 MPH)
Jason Jarman scores
Clemente Simpson scores
Enzo Thomas to third
Runner from 3rd tries for Home, SAFE, no throw by CF
Batting: SHB Rayan Díaz 0-0: Ball
1-0: Ground out U3 (Groundball, 13, EV 88.8 MPH)
Bottom of the 7th over - 4 runs, 2 hits, 0 errors, 1 left on base; Pittsburgh 5 - Milwaukee 7
TOP OF THE 8TH
Pittsburgh Pirates batting - Pitching for Milwaukee Brewers : LHP Alfred Brearley
Now at 1B: Darling Conkle
Now in RF: Atlas Moon
Batting: RHB Chet Ross 0-0: Called Strike
0-1: Swinging Strike
0-2: Foul Ball, location: 9LSF
0-2: Ball
1-2: Ball
2-2: Strikes out swinging
Batting: LHB Domingo Andres 0-0: Ball
1-0: Fly out, F8 (Flyball, 8LXD, EV 95.0 MPH)
Batting: RHB Caleb Phillips 0-0: Fly out, F8 (Flyball, 8RD, EV 107.5 MPH)
Top of the 8th over - 0 runs, 0 hits, 0 errors, 0 left on base; Pittsburgh 5 - Milwaukee 7
BOTTOM OF THE 8TH
Milwaukee Brewers batting - Pitching for Pittsburgh Pirates : LHP José Maria Santana
Batting: LHB Florencio Rios 0-0: SINGLE (Line Drive, 4M, EV 97.5 MPH)
Batting: RHB Russ Lavin 0-0: Bunt - Flyout to 13! F1
Batting: LHB Yandy Zamano 0-0: Swinging Strike
0-1: Ball
1-1: Ball
2-1: Ball
3-1: Base on Balls
Florencio Rios to second
Batting: RHB Jason Jarman 0-0: Called Strike
0-1: Fly out, F7 (Flyball, 78M, EV 85.0 MPH)
Batting: RHB Clemente Simpson 0-0: Ball
1-0: Foul Ball, location: 9LSF
1-1: Ball
2-1: Swinging Strike
2-2: Ball
3-2: DOUBLE (Flyball, 89XD, EV 111.9 MPH)
Florencio Rios scores
Yandy Zamano to third
Yandy Zamano scores
Pitching: RHP Salomón Jiménez
Batting: RHB Nick Hodge 0-0: SINGLE (Groundball, 34D, EV 107.5 MPH)
Clemente Simpson to third
Runner from 3rd tries for Home, SAFE, throw by RF to home
Batting: SHB Darling Conkle 0-0: Foul Ball, location: 23FF
0-1: Foul Ball, location: 7LDF
0-2: Ball
1-2: Strikes out swinging
Bottom of the 8th over - 3 runs, 3 hits, 0 errors, 1 left on base; Pittsburgh 5 - Milwaukee 10
TOP OF THE 9TH
Pittsburgh Pirates batting - Pitching for Milwaukee Brewers : LHP Alfred Brearley
Batting: SHB Michael Shatley 0-0: Ball
1-0: Ball
2-0: Called Strike
2-1: Swinging Strike
2-2: Ball
3-2: Strikes out swinging
Batting: RHB David Dudley 0-0: Called Strike
0-1: Ball
1-1: SINGLE (Groundball, 56D, EV 96.9 MPH)
Batting: RHB Andy Kiser 0-0: Ball
1-0: Called Strike
1-1: Ball
2-1: DOUBLE (Groundball, 5L, EV 96.9 MPH)
David Dudley to third
Batting: LHB Jim Lunsford 0-0: Ball
1-0: Ball
2-0: Foul Ball, location: 3FF
2-1: Ball
3-1: Called Strike
3-2: Strikes out swinging
Pinch Hitting: RHB Gael Rumley 0-0: Ball
1-0: Foul Ball, location: 2F
1-1: Ball
2-1: Single, Error in OF, E8, batter to second base (Groundball, 4MD, EV 98.8 MPH)
David Dudley scores
Andy Kiser scores
Pitching: RHP Lukas Vander Wilt
Batting: LHB P.J. Rey 0-0: Ball
1-0: Ball
2-0: Ball
3-0: Called Strike
3-1: Base on Balls
Batting: RHB Chet Ross 0-0: Ball
1-0: Ball
2-0: Ball
3-0: Base on Balls
Gael Rumley to third
P.J. Rey to second
Batting: LHB Domingo Andres 0-0: Ball
1-0: Ball
2-0: Called Strike
2-1: Swinging Strike
2-2: Strikes out looking
Top of the 9th over - 2 runs, 3 hits, 1 error, 3 left on base; Pittsburgh 7 - Milwaukee 10
Thursday, April 18th , 2024 - OOTP Baseball 24.11 Build 85